 Dungeon Crawl Stone Soup version 0.22.1-5-g62c59d919a (webtiles) character file.

60 Gargoyl the Skirmisher (level 3, -2/46 HPs)
             Began as a Centaur Abyssal Knight on Jan 12, 2019.
             Was a Follower of Lugonu.
             Slain by a killer bee (5 damage)
             ... on level 2 of the Dungeon.
             The game lasted 00:02:38 (1612 turns).

Gargoyl the Skirmisher (Centaur Abyssal Knight)     Turns: 1612, Time: 00:02:38

Health: -2/46      AC: 21    Str: 14    XL:     3   Next: 82%
Magic:  4/4        EV:  1    Int: 11    God:    Lugonu [*.....]
Gold:   131        SH:  0    Dex:  9    Spells: 2/2 levels left

rFire    . . .     SeeInvis .   a - +1 hand axe
rCold    . . .     Gourm    .   (no shield)
rNeg     + + +     Faith    .   (armour currently unavailable)
rPois    +         Spirit   .   (helmet currently unavailable)
rElec    .         Reflect  .   (cloak currently unavailable)
rCorr    .         Harm     .   (gloves currently unavailable)
MR       .....     NoTele   +   (no barding)
Stlth    +.........             d - amulet of regeneration
HPRegen  0.55/turn              (no ring)
MPRegen  0.09/turn              (no ring)

@: lethally poisoned (-2 -> -2), tree-form
A: large
a: Depart the Abyss, Renounce Religion


You were on level 2 of the Dungeon.
You worshipped Lugonu.
Lugonu was aware of your devotion.
You were very hungry.
You were a tree.
You visited 1 branch of the dungeon, and saw 3 of its levels.
You visited the Abyss 1 time.

You collected 131 gold pieces.

Inventory:

Hand Weapons
 a - a +1 hand axe (weapon)
Armour
 j - a +0 plate armour (melded)
Jewellery
 d - an amulet of regeneration (around neck)
Scrolls
 e - a scroll of identify
Potions
 g - a potion of brilliance
Comestibles
 c - 2 rations


   Skills:
 + Level 3.5 Fighting
 + Level 2.4 Axes
 * Level 1.9 Armour
 * Level 1.1 Dodging
 * Level 2.5 Invocations


You had 2 spell levels left.
You didn't know any spells.
Your spell library was empty.

Dungeon Overview and Level Annotations

Branches:
Dungeon (3/15)

Altars:


Innate Abilities, Weirdness & Mutations

((You have hooves in place of feet.))
((Armour fits poorly on your strangely shaped body.))
((You cover ground very quickly.))
((You have extremely tough skin. (AC +3)))


Message History

* * * LOW HITPOINT WARNING * * *
The killer bee stings you but does no damage.
The killer bee stings you.
* * * LOW HITPOINT WARNING * * *
You miss the killer bee.
The killer bee is heavily wounded.
You closely miss the killer bee.
You feel sick.
The killer bee stings you but does no damage. x4
Unknown command.
You hit the killer bee.
The killer bee is severely wounded.
You miss the killer bee.
You feel sick. The killer bee completely misses you.
The killer bee stings you but does no damage. x5
Unknown command.
You completely miss the killer bee.
The killer bee is heavily wounded.
You miss the killer bee.
You feel sick.
The killer bee stings you but does no damage.
The killer bee stings you.
You die...

...# #.#.#..<...#.# ...#
#.#.#..#.###.#
...#########.#..........#
.............###.##.#####
...###########
#.##.#############
...#.......#
#.##.#...........#
####.......#
#.##.#.#########.#
####..."...#####y#....#
#.#
...............y♣#....#
#.#
#.##.......#######....#
#.# #.##.......# ##.#.#
#.# #.##.......# #.#.#
#.# #.##.......# #.#.#
#.# #.##.......# #...#
#.# #.##.......# #####
#.# #.##.......### #.#
#.##.........# #..


You could see 2 killer bees.

Vanquished Creatures
  2 adders (D:2)
  A dart slug (D:1)
  5 leopard geckos
  2 bats
  A giant cockroach (D:2)
  2 goblins (D:1)
  6 hobgoblins
  6 jackals (D:1)
  2 kobolds (D:1)
  A ball python (D:1)
  2 frilled lizards
  2 rats
32 creatures vanquished.

Notes
Turn   | Place    | Note
-------+----------+-------------------------------------------
     0 | Abyss:1  | Gargoyl the Centaur Abyssal Knight began the quest for the
                  | Orb.
     0 | Abyss:1  | Reached XP level 1. HP: 19/19 MP: 2/2
   104 | Abyss:1  | Noticed a freezing wraith
   113 | Abyss:1  | Noticed a raiju
   116 | D:1      | Escaped the Abyss
   172 | D:1      | Reached * piety under Lugonu
   208 | D:1      | Reached XP level 2. HP: 25/26 MP: 3/3
   383 | D:1      | Reached skill level 1 in Dodging
   544 | D:1      | Reached XP level 3. HP: 31/31 MP: 4/4
  1594 | D:3      | Noticed a killer bee
  1594 | D:3      | Noticed a killer bee
  1594 | D:3      | Noticed a killer bee
  1594 | D:3      | Noticed a killer bee
  1594 | D:3      | Noticed a killer bee
  1600 | D:2      | HP: 1/31 [killer bee (5)]
  1612 | D:2      | Slain by a killer bee

Skill      XL: |  1  2 |
---------------+-------+-----
Axes           | 2 |  2.4
Dodging        | 1 |  1.1
Fighting       | |  3.5
Armour         | |  1.9
Invocations    | |  2.5

Action                   || total
-------------------------++-------
Melee: Hand axe          ||   115
       Kick              ||    11
Invok: Depart the Abyss  ||     1
  Use: Scroll            ||     5
       Potion            ||     3
Armor: Leather armour    ||    45
       Plate armour      ||    49
       Skin              ||    33
Dodge: Dodged            ||    56
